 Dungeon Crawl Stone Soup version 0.21.1-1-g345015f (webtiles) character file.

833 pk666 the Magician (level 7, 30/36 HPs)
             Began as a Deep Elf Wizard on Feb 12, 2018.
             Quit the game on level 5 of the Dungeon.
             The game lasted 00:17:11 (5528 turns).

pk666 the Magician (Deep Elf Wizard)                Turns: 5528, Time: 00:17:12

Health: 30/36      AC:  7    Str:  4    XL:     7   Next: 66%
Magic:  0/19       EV: 14    Int: 25    God:
Gold:   169        SH:  3    Dex: 13    Spells: 11/20 levels left

rFire    + . .     SeeInvis .   m - +0 dagger (venom)
rCold    . . .     Gourm    .   (no shield)
rNeg     . . .     Faith    .   f - +2 robe {rC+}
rPois    .         Spirit   .   b - +0 hat
rElec    .         Reflect  +   z - +2 cloak
rCorr    .         Harm     .   (no gloves)
MR       .....                  (no boots)
Stlth    ++........             t - +3 amulet of reflection
HPRegen  0.12/turn              w - ring of fire
MPRegen  0.16/turn              (no ring)

@: no status effects
A: no striking features
a: no special abilities


You were on level 5 of the Dungeon.
You were not hungry.

You visited 2 branches of the dungeon, and saw 6 of its levels.

You collected 169 gold pieces.

Inventory:

Hand Weapons
 m - a +0 dagger of venom (weapon)
Missiles
 n - 4 tomahawks of dispersal (quivered)
Armour
 b - a +0 hat (worn)
 f - a +2 robe of cold resistance (worn)
 z - a +2 cloak (worn)
Jewellery
 t - a +3 amulet of reflection (around neck)
 w - a ring of fire (left hand)
Wands
 p - a wand of flame (15)
 y - a wand of random effects (21)
Scrolls
 h - 4 scrolls of identify
 k - 3 scrolls of teleportation {unknown}
 l - a scroll of remove curse
 q - a scroll of blinking {unknown}
 s - a scroll of magic mapping {unknown}
 v - a scroll of immolation {unknown}
 x - a scroll of amnesia {unknown}
Potions
 a - 2 potions of cancellation {unknown}
 e - 2 potions of might {unknown}
 g - 2 potions of flight
 i - 2 potions of brilliance {unknown}
 j - 4 potions of lignification {unknown}
 o - a potion of mutation {unknown}
 u - a potion of berserk rage {unknown}
Books
 c - a book of Minor Magic

   Spells                             Type                      Level
   a - Magic Dart                     Conjuration                  1
   b - Blink                          Translocation                2
   c - Call Imp                       Summoning                    2
   d - Slow                           Hexes                        2
   e - Conjure Flame                  Conjuration/Fire             3
   f - Mephitic Cloud                 Conjuration/Poison/Air       3
 r - a book of Misfortune

   Spells                             Type                      Level
   a - Confusing Touch                Hexes                        1
   b - Confuse                        Hexes                        3
   c - Gell's Gravitas                Translocation                3
   d - Petrify                        Transmutation/Earth          4
   e - Metabolic Englaciation         Hexes/Ice                    5
   f - Yara's Violent Unravelling     Hexes/Transmutation          5
Comestibles
 d - 4 rations


   Skills:
 - Level 5.0 Dodging
 - Level 2.4 Stealth
 + Level 7.1 Spellcasting
 + Level 4.8 Conjurations
   Level 1.1 Summonings
 - Level 1.1 Translocations
 + Level 3.7 Fire Magic
 - Level 1.0 Air Magic
 - Level 2.7 Poison Magic


You had 11 spell levels left.
You knew the following spells:

 Your Spells              Type           Power        Failure   Level  Hunger
a - Magic Dart            Conj           ####         1%          1    None
b - Blink                 Tloc           N/A          6%          2    None
d - Conjure Flame         Conj/Fire      #####...     3%          3    None
z - Mephitic Cloud        Conj/Pois/Air  ###.....     6%          3    None


Dungeon Overview and Level Annotations

Branches:
Dungeon (5/15)             Temple (1/1) D:5

Altars:
Cheibriados
Dithmenos
Gozag
Kikubaaqudgha
Nemelex Xobeh
Okawaru
Qazlal
Uskayaw
Wu Jian
Xom
Yredelemnul
The Shining One

Annotations:
D:5 Pikel


Message History

You don't have enough magic to cast that spell.
Casting: Magic Dart
Confirm with . or Enter, or press ? or * to list all spells.
You don't have enough magic to cast that spell.
Casting: Magic Dart
Confirm with . or Enter, or press ? or * to list all spells.
You don't have enough magic to cast that spell.
Casting: Magic Dart
Confirm with . or Enter, or press ? or * to list all spells.
You don't have enough magic to cast that spell.
Casting: Magic Dart
Confirm with . or Enter, or press ? or * to list all spells.
You don't have enough magic to cast that spell.
Casting: Magic Dart
Confirm with . or Enter, or press ? or * to list all spells.
You don't have enough magic to cast that spell.
Casting: Magic Dart
Confirm with . or Enter, or press ? or * to list all spells.
You don't have enough magic to cast that spell.
Are you sure you want to abandon this character and quit the game? (Confirm with "yes".)

..... ## #...... ##
<###...... .# .........
.# .......## ##.
.......+ ... .......#
###+###.#
.......###.....#.###.#..
.........#.###.#@Kp5...p
.......#.'.#>'.'.##..#.#
.......###.###.#.....#
###....# #.....#.#####
+....+ ###+###.# #....#
#.# #....# #.. .....#
##. .


You could see Pikel, 2 slaves and a crimson imp.

Vanquished Creatures
  Sigmund (D:2)
  Duvessa (D:4)
  A sky beast (D:4)
  A slave (D:5)
  Blork the orc (D:4)
  Dowan (D:4)
  A crimson imp (D:5)
  2 hounds (D:5)
  Terence (D:3)
  Natasha (thrice) (D:2)
  2 worker ants
  4 adders
  3 oozes
  An adder skeleton (D:4)
  2 worms
  3 dart slugs
  A leopard gecko (D:4)
  3 giant cockroaches
  5 goblins
  9 hobgoblins
  5 jackals (D:2)
  8 kobolds
  A ball python (D:1)
  11 bats
  5 frilled lizards
  8 rats
84 creatures vanquished.

Notes
Turn   | Place    | Note
-------+----------+-------------------------------------------
     0 | D:1      | pk666 the Deep Elf Wizard began the quest for the Orb.
     0 | D:1      | Reached XP level 1. HP: 10/10 MP: 7/7
   254 | D:1      | Reached XP level 2. HP: 15/15 MP: 7/9
   632 | D:1      | Reached skill level 5 in Spellcasting
   756 | D:1      | Reached XP level 3. HP: 17/19 MP: 4/11
  1114 | D:2      | Found an iron altar of Okawaru.
  1280 | D:2      | Noticed Natasha
  1283 | D:2      | Killed Natasha
  1412 | D:2      | Reached XP level 4. HP: 24/24 MP: 9/13
  1494 | D:2      | Learned a level 2 spell: Blink
  1498 | D:2      | Learned a level 3 spell: Mephitic Cloud
  1502 | D:2      | Learned a level 3 spell: Conjure Flame
  1721 | D:2      | Noticed Natasha
  1724 | D:2      | Killed Natasha
  1758 | D:2      | Reached skill level 1 in Poison Magic
  1795 | D:2      | Reached skill level 1 in Air Magic
  1795 | D:2      | Reached XP level 5. HP: 13/28 MP: 0/15
  1820 | D:2      | Noticed Natasha
  2112 | D:2      | Killed Natasha
  2151 | D:2      | Noticed Sigmund
  2630 | D:2      | Killed Sigmund
  2630 | D:2      | Reached skill level 6 in Spellcasting
  2630 | D:2      | Reached skill level 1 in Fire Magic
  2630 | D:2      | Reached XP level 6. HP: 19/32 MP: 14/17
  3186 | D:3      | Noticed Terence
  3200 | D:3      | Killed Terence
  3665 | D:4      | Found a snail-covered altar of Cheibriados.
  3746 | D:4      | Found a sparkling altar of Nemelex Xobeh.
  3817 | D:4      | Found an opulent altar of Gozag.
  3841 | D:4      | Noticed Blork the orc
  3969 | D:4      | Killed Blork the orc
  4280 | D:4      | Noticed a sky beast
  4310 | D:4      | Noticed Duvessa
  4315 | D:4      | Noticed Dowan
  4318 | D:4      | Killed Duvessa
  4318 | D:4      | Reached XP level 7. HP: 36/36 MP: 0/18
  4441 | D:4      | Killed Dowan
  4521 | D:4      | Reached skill level 5 in Dodging
  4982 | D:5      | Entered Level 5 of the Dungeon
  5031 | D:5      | Reached skill level 7 in Spellcasting
  5126 | D:5      | Found a staircase to the Ecumenical Temple.
  5137 | Temple   | Entered the Ecumenical Temple
  5521 | D:5      | Noticed Pikel
  5528 | D:5      | Quit the game

Skill      XL: |  1  2  3  4  5  6  7 |
---------------+----------------------+-----
Conjurations   | 2 3 4 |  4.8
Spellcasting   | 5 6 7 |  7.1
Dodging        | 3 4 5 |  5.0
Poison Magic   | 1 2 |  2.7
Air Magic      | 1 |  1.0
Fire Magic     | 1 3 |  3.7
Stealth        | |  2.4
Summonings     | |  1.1
Translocations | |  1.1

Action                   |  1- 3 |  4- 6 |  7- 9 || total
-------------------------+-------+-------+-------++-------
Melee: Unarmed           |     3 |       |       ||     3
       Dagger            |       |     8 |     6 ||    14
 Cast: Magic Dart        |    84 |   132 |    44 ||   260
       Conjure Flame     |       |    10 |     1 ||    11
       Blink             |       |     1 |       ||     1
       Mephitic Cloud    |       |     7 |     3 ||    10
  Use: Scroll            |       |     2 |       ||     2
 Stab: Confused          |       |     3 |     1 ||     4
  Eat: Chunk             |     1 |     9 |       ||    10
       Ration            |       |       |     1 ||     1
Armor: Robe              |     3 |     4 |       ||     7
Dodge: Dodged            |    14 |    10 |     2 ||    26
Block: Other             |       |       |     1 ||     1
